Map: Sanctuary III LE

Players

Reynor - Winner!

  • Race: Zerg Zerg
  • League: Master
  • Spawn Location: 7:00

Shino

  • Race: Zerg Zerg
  • League: Grandmaster
  • Spawn Location: 1:00

VOD

Have the link to the VOD?

Description

Time

  • Played on: July 3, 2026, 7:15 a.m.
  • Length: 6:38
Show
View Real Time Build Order
Export as new Build Order

Reynor Zerg - Winner!

Build Orders: Pool First 

Get SALT Encoding   

  8  0:00  Drone  
  9  0:10  Drone  
  10  0:16  Drone  
  11  0:27  Overlord  
  11  0:33  Drone  
  12  0:45  Drone x2  
  14  0:51  Drone  
  15  1:00  Drone  
  16  1:08  Spawning Pool  
  16  1:10  Drone  
  16  1:19  Drone  
  17  1:35  Hatchery  
  17  1:38  Drone  
  17  1:46  Overlord  
  17  1:51  Extractor  
  16  1:57  Queen  
  16  2:00  Drone  
  19  2:03  Drone  
  20  2:09  Drone  
  21  2:19  Drone  
  22  2:29  Drone  
  23  2:32  Queen  
  25  2:39  Drone  
  26  2:47  Drone  
  26  2:48  Overlord  
  27  2:56  Drone  
  28  2:59  Drone  
  28  3:00  Metabolic Boost  
  28  3:03  Drone  
  28  3:04  Drone x2  
  32  3:06  Drone  
  32  3:11  Zergling x2  
  34  3:19  Hatchery  
  33  3:24  Baneling Nest  
  33  3:26  Zergling x2  
  33  3:29  Drone  
  33  3:33  Overlord  
  34  3:39  Drone x3  
  37  3:41  Zergling x2  
  37  3:43  Zergling x2  
  37  3:46  Zergling x2  
  40  3:53  Drone x2  
  40  3:54  Overlord  
  42  3:58  Drone  
  42  3:59  Drone  
  44  4:03  Zergling x2  
  44  4:08  Baneling x2  
  44  4:09  Queen  
  46  4:18  Baneling  
  46  4:20  Drone x6  
  52  4:26  Overlord  
  52  4:32  Drone x2, Roach Warren  
  52  4:34  Drone, Extractor  
  52  4:36  Drone  
  54  4:39  Drone  
  54  4:42  Drone x2  
  54  4:45  Overlord  
  57  4:55  Overlord  
  57  5:09  Overlord  
  57  5:13  Roach x8  
  73  5:17  Roach x2, Zergling x2  
  73  5:18  Zergling x6  
  81  5:23  Roach, Zergling x2  
  81  5:26  Extractor  
  83  5:28  Roach  
  83  5:33  Zergling x6  
  83  5:34  Queen  
  90  5:36  Zergling x4  
  90  5:39  Overlord  
  92  5:46  Evolution Chamber  
  92  5:47  Overlord  
  92  5:49  Zergling x2  
  92  5:52  Zergling x2  
  92  5:55  Zergling x2  
  91  5:59  Zergling x2  
  91  6:00  Zergling x14  
  97  6:08  Zergling x2  
  95  6:15  Zergling x10  
  99  6:20  Zergling x6  
Show
View Real Time Build Order
Export as new Build Order

Shino Zerg 

Build Orders: Hatch First 

Get SALT Encoding   

  8  0:00  Drone  
  9  0:11  Drone  
  10  0:17  Drone  
  11  0:28  Overlord  
  11  0:34  Drone  
  12  0:47  Drone x2  
  14  0:51  Drone  
  15  1:12  Hatchery  
  15  1:16  Drone  
  15  1:19  Drone  
  15  1:23  Drone  
  17  1:37  Spawning Pool  
  16  1:41  Drone  
  16  1:43  Extractor  
  16  1:45  Drone  
  17  1:51  Drone  
  18  2:00  Drone  
  19  2:10  Overlord  
  19  2:22  Drone  
  20  2:24  Queen x2  
  24  2:30  Drone  
  24  2:32  Drone  
  24  2:36  Drone  
  27  2:41  Drone  
  27  2:44  Drone  
  29  2:46  Metabolic Boost  
  29  2:55  Drone  
  30  3:05  Hatchery  
  29  3:09  Drone  
  29  3:11  Overlord  
  30  3:15  Drone  
  31  3:20  Baneling Nest  
  31  3:21  Drone  
  31  3:26  Drone  
  32  3:30  Drone  
  32  3:32  Drone x2  
  35  3:36  Zergling x4  
  35  3:38  Zergling x2  
  38  3:44  Overlord  
  38  3:49  Queen  
  40  3:59  Lair, Extractor  
  40  4:00  Drone  
  40  4:05  Drone x3  
  40  4:06  Drone  
  44  4:11  Drone x2  
  44  4:12  Drone  
  44  4:16  Drone  
  48  4:21  Drone  
  48  4:22  Drone  
  48  4:24  Extractor x2, Drone x2  
  49  4:27  Overlord  
  49  4:32  Roach Warren  
  48  4:39  Baneling  
  48  4:41  Drone x2  
  48  4:42  Drone  
  48  4:43  Overlord  
  48  4:45  Overlord  
  51  4:47  Drone  
  53  4:52  Drone  
  53  4:53  Evolution Chamber  
  53  4:54  Drone  
  53  4:55  Drone  
  54  5:01  Drone  
  54  5:02  Drone x2  
  57  5:08  Spire  
  57  5:09  Drone  
  57  5:11  Drone  
  58  5:18  Glial Reconstitution  
  58  5:20  Drone x2  
  60  5:23  Overlord  
  60  5:33  Drone  
  60  5:34  Drone x2  
  60  5:35  Drone x2, Extractor  
  63  5:36  Extractor  
  63  5:37  Zergling x8  
  63  5:41  Roach  
  63  5:42  Roach  
  70  5:45  Roach  
  70  5:48  Roach x2  
  74  6:01  Roach x2  
  70  6:04  Overlord  
  70  6:07  Roach x3  
  70  6:10  Roach  
  70  6:11  Roach x2  
  76  6:16  Roach x2  
  68  6:19  Roach  
Tags
 
Matchup
ZvZ
Player
Reynor
Race
Zerg
Replay Pack
hsc29
Spawn Locations
Cross Positions
Add a new tag
Caveats
  • Supply blocks, unpowered buildings, or Contaminate may cause inaccurate times.
  • Supply counts are checked every 10 seconds.